 Dungeon Sprint DCSS version 0.22-a0-412-g2b68d144a4 (webtiles) character file.

43 Denreik the Blocker (level 3, -3/29 HPs)
             Began as a Formicid Fighter on May 12, 2018.
             Killed from afar by an orc wizard (7 damage)
             ... with a puff of frost
             ... in the Dungeon (Sprint IX: "|||||||||||||||||||||||||||||").
             The game lasted 00:00:25 (155 turns).

Denreik the Blocker (Formicid Fighter)               Turns: 155, Time: 00:00:26

Health: -3/29      AC:  6    Str: 21    XL:     3   Next: 82%
Magic:  3/3        EV:  9    Int:  7    God:
Gold:   0          SH: 11    Dex: 10    Spells: 2/2 levels left

rFire    . . .     SeeInvis +   a - +0 quarterstaff
rCold    . . .     Gourm    .   c - +0 shield
rNeg     . . .     Faith    .   b - +0 scale mail
rPois    .         Spirit   .   (helmet unavailable)
rElec    .         Reflect  .   (no cloak)
rCorr    .         Harm     .   (no gloves)
MR       .....                  (no boots)
Stlth    ..........             (no amulet)
HPRegen  0.09/turn              (no ring)
MPRegen  0.08/turn              (no ring)

@: no status effects
A: permanent stasis, dig shafts and tunnels, four strong arms, antennae 3
a: Dig


You were in the Dungeon.
You were not hungry.

You visited 1 branch

Inventory:

Hand Weapons
 a - a +0 quarterstaff (weapon)
Armour
 b - a +0 scale mail (worn)
 c - a +0 shield (worn)
Scrolls
 k - a scroll of blinking
Potions
 d - a potion of might
 e - a potion of curing
 g - a potion of heal wounds
 h - a potion of haste
 i - 2 potions of magic
 j - a potion of berserk rage
Comestibles
 f - a ration
 l - 4 chunks of flesh


   Skills:
 - Level 3.2 Fighting
 - Level 2.0 Staves
 - Level 3.2 Armour
 * Level 8.9 Shields


You had 2 spell levels left.
You didn't know any spells.
Your spell library was empty.

Dungeon Overview and Level Annotations

Branches:
Dungeon (1/1)

Altars:


Innate Abilities, Weirdness & Mutations

You cannot be hasted, slowed, berserked, paralysed or teleported.
You can dig through walls and to a lower floor.
Your four strong arms can wield two-handed weapons with a shield.
You have a pair of large antennae on your head. (SInv)


Message History

The orc wizard gestures at you while chanting.
The magic dart hits you!
* * * LOW HITPOINT WARNING * * *
The orc wizard gestures at you while chanting.
The puff of flame hits you!
* * * LOW HITPOINT WARNING * * *
You completely miss the orc wizard.
The orc wizard is heavily wounded.
You block the orc wizard's attack.
You hit the orc wizard but do no damage.
The orc wizard is heavily wounded.
You block the orc wizard's attack. You block the phantom's attack.
The orc wizard hits you but does no damage.
You barely miss the orc wizard.
The orc wizard is heavily wounded.
The orc wizard looks braver for a moment.
The phantom closely misses you. The orc wizard casts a spell at you.
The puff of frost hits you!
You die...

▓.▓
▓.▓
▓.▓
▓.▓
▓.▓
▓)▓
▓O▓
▓o▓
▓@▓
▓W▓
▓.▓
▓)▓
▓.▓
▓.▓
▓.▓
▓<▓
▓▓▓


You could see a phantom, an ogre and an orc wizard.

Vanquished Creatures
  An orc wizard (D)
  An ooze (D)
  An adder zombie (D)
  A hobgoblin (D)
  A kobold (D)
  2 frilled lizards (D)
7 creatures vanquished.

Notes
Turn   | Place    | Note
-------+----------+-------------------------------------------
     0 | D        | Denreik the Formicid Fighter began the quest for the Orb.
     0 | D        | Reached XP level 1. HP: 18/18 MP: 1/1
     6 | D        | Reached skill level 4 in Shields
     9 | D        | Reached skill level 5 in Shields
     9 | D        | Reached XP level 2. HP: 24/24 MP: 2/2
    10 | D        | Reached skill level 6 in Shields
   129 | D        | Noticed an ogre
   129 | D        | Noticed a phantom
   141 | D        | Reached skill level 8 in Shields
   141 | D        | Reached XP level 3. HP: 16/29 MP: 3/3
   155 | D        | Killed from afar by an orc wizard

Vault maps used:
D:        linesprint

Skill      XL: |  1  2 |
---------------+-------+-----
Shields        | 5 8 |  8.9
Fighting       | |  3.2
Staves         | |  2.0
Armour         | |  3.2

Action                   || total
-------------------------++-------
Melee: Quarterstaff      ||    35
Armor: Scale mail        ||     9
Dodge: Dodged            ||     6
Block: Shield            ||    14

Table legend:
 A = Spawn XP
 B = Non-spawn XP
 C = Spawn XP percentage of total XP
 D = Spawn monster count
 E = Non-spawn monster count
 F = Spawn count percentage of total count
 G = Total turns spent on level
                    A         B        C        D         E        F      G
               +---------+---------+-------+---------+---------+-------+---------
         Total |       0 |      62 |   0.0 |       0 |       7 |   0.0 |   155
               +---------+---------+-------+---------+---------+-------+---------
             D |       0 |      62 |   0.0 |       0 |       7 |   0.0 |   155
               +---------+---------+-------+---------+---------+-------+---------
